[Event "FIDE WCCC U10 2018"]
[Site "Santiago de Compostela"]
[Date "2018.11.15"]
[Round "11"]
[White "Zhong, Kevin"]
[Black "Anand, Batsukh"]
[Result "1/2-1/2"]
[ECO "B42"]
[WhiteElo "2038"]
[BlackElo "1746"]
[Annotator "NA"]
[PlyCount "102"]
[EventDate "2018.11.04"]
[EventType "swiss"]
[EventCountry "ESP"]
[SourceTitle "playchess.com"]
[Source "ChessBase"]
[SourceQuality "1"]
[TimeControl "40/5400+30:1800+30"]

1. e4 c5 2. Ne2 e6 3. d4 cxd4 4. Nxd4 a6 5. Bd3 Nf6 6. O-O Qc7 7. Qe2 d6 8. c4 Nbd7 9. Nc3 {[%emt 0:01:21] B42: Sicilian: Kan Variation: 5 Bd3} g6 10. h3 Bg7 11. Rd1 O-O 12. Nf3 b6 13. Bf4 {[%emt 0:02:29] LiveBook: 25 Games} e5 $146 ({Predecessor:} 13... Nh5 14. Bg5 h6 15. Be3 Ne5 16. Rac1 Bb7 17. Nxe5 dxe5 {1-0 (46) De Vreugt,D (2350)-Podzielny,K (2500) Germany 1999}) 14. Be3 Bb7 15. Nd5 Nxd5 16. cxd5 Nc5 17. Rac1 Qe7 18. b4 Nxd3 19. Qxd3 b5 20. Nd2 Rac8 21. Nb3 f5 22. f3 f4 23. Bf2 h5 24. Na5 Rxc1 25. Rxc1 Rc8 26. Rxc8+ Bxc8 27. Qc3 Qd7 28. Bh4 Kf7 29. Nc6 Bf6 30. Bf2 Bb7 31. Na5 Qc8 32. Nc6 Qd7 33. Qb3 Kg7 34. Na5 Bd8 35. Nxb7 Qxb7 36. a4 bxa4 37. Qxa4 Qb5 38. Qc2 Qb7 39. Qc4 Kf7 40. Be1 Kg7 41. Bf2 Kf7 42. Kh2 h4 43. Kh1 g5 44. Kg1 Kg7 45. Be1 Kf7 46. Qd3 $11 Bb6+ 47. Kf1 Bd4 48. Bc3 Ba7 49. Ke2 Qb6 50. Qc4 Qf2+ 51. Kd1 Qe3 1/2-1/2

[Event "FIDE WCCC U10 2018"]
[Site "Santiago de Compostela"]
[Date "2018.11.15"]
[Round "11"]
[White "Materia, Marco"]
[Black "Seemann, Jakub"]
[Result "0-1"]
[ECO "B22"]
[WhiteElo "2035"]
[BlackElo "1869"]
[Annotator "NA"]
[PlyCount "160"]
[EventDate "2018.11.04"]
[EventType "swiss"]
[EventCountry "ESP"]
[SourceTitle "playchess.com"]
[Source "ChessBase"]
[SourceQuality "1"]
[TimeControl "40/5400+30:1800+30"]

1. e4 c5 2. c3 d5 3. exd5 Qxd5 4. d4 Nf6 5. Nf3 e6 6. Na3 Nc6 7. Be3 cxd4 {[%emt 0:00:38] B22: Sicilian: 2 c3} 8. Nb5 $1 Qd8 9. Nbxd4 Nd5 10. Bg5 $146 (10. Nxc6 bxc6 11. Bd2 Qb6 12. Ne5 Qc7 13. Nc4 Be7 14. Bd3 Ba6 15. Qg4 {½-½ (55) Wang,H (2717)-Laznicka,V (2666) Ho Chi Minh City 2016}) 10... Be7 11. Bxe7 Qxe7 {[%emt 0:01:50] LiveBook: 3 Games} 12. Bc4 Nb6 13. Bb5 Bd7 14. O-O Nxd4 15. Nxd4 O-O 16. Bd3 Nd5 17. Re1 Qf6 18. Be4 Nf4 19. Qc2 Qg5 20. Bxh7+ Kh8 21. Be4 Rad8 22. Kh1 e5 23. Ne2 f5 {[%emt 0:02:12] [#]} 24. Bxb7 (24. Nxf4 $1 $16 fxe4 25. Nd5) 24... Bc8 25. Bc6 Nd3 26. Rf1 Rf6 27. f4 Qg6 28. Rad1 Ba6 29. Ba4 Rfd6 30. fxe5 Nf2+ $1 31. Rxf2 Rxd1+ 32. Qxd1 Rxd1+ 33. Bxd1 Qe6 34. Nf4 Qxa2 35. e6 g5 36. e7 Bb5 37. Be2 Be8 38. Nh3 Qe6 (38... Qxb2 $17 39. Bf1 Qxc3 40. Rxf5 Qe1 41. Nxg5 Kg7) 39. Nxg5 Qe3 40. Nh3 Qxe7 41. Nf4 Qe3 42. Kg1 Qc1+ 43. Bf1 Bb5 44. Ne2 Qe3 (44... Qa1 $15) 45. Ng3 Bd7 46. Nh5 Be6 47. Nf4 Bf7 48. g3 Be8 49. Bh3 Qc1+ 50. Bf1 Bb5 51. Ne2 Qe3 52. Nd4 Bd7 $1 53. Bh3 Qe1+ 54. Kg2 Qe4+ 55. Kg1 Qe1+ 56. Kg2 Qe4+ 57. Rf3 Qb1 58. Rf2 Qe4+ 59. Kg1 Qe1+ 60. Rf1 Qe3+ 61. Kh1 Qd3 62. Re1 Qd2 63. Re2 Qd3 64. Kg1 a5 65. Bf1 Qb1 66. Re7 Ba4 67. Re5 Qxb2 68. Rxa5 Bc2 69. Nxc2 Qb6+ 70. Nd4 Qxa5 71. Nb5 (71. Ne2 $17) 71... Kg7 72. c4 Qb6+ 73. Kg2 Qe3 74. h4 Kg6 75. Kh2 Kh5 76. Bg2 Kg4 77. Bh3+ Kf3 78. Bg2+ Kf2 79. Bf3 Qxf3 80. c5 Qg2# 0-1

[Event "FIDE WCCC U10 2018"]
[Site "Santiago de Compostela"]
[Date "2018.11.15"]
[Round "11"]
[White "Xue, Haowen"]
[Black "Erten, Kerem"]
[Result "0-1"]
[ECO "D71"]
[WhiteElo "2025"]
[BlackElo "1807"]
[Annotator "NA"]
[PlyCount "84"]
[EventDate "2018.11.04"]
[EventType "swiss"]
[EventCountry "ESP"]
[SourceTitle "playchess.com"]
[Source "ChessBase"]
[SourceQuality "1"]
[TimeControl "40/5400+30:1800+30"]

1. d4 Nf6 2. c4 g6 3. g3 Bg7 4. Bg2 d6 5. Nc3 {[%emt 0:00:15] LiveBook: 535 Games} Nc6 {[%emt 0:00:35] E61: Königsindisch (Abweichungen der Hauptvariante)} 6. Nf3 Bg4 7. d5 (7. O-O Bxf3 8. h3 Nd7 9. Bxf3 e5 10. e3 Ne7 11. d5 f5 12. e4 O-O 13. Bg2 a5 14. h4 Nf6 15. Bh3 Kh8 16. Kg2 c6 17. Bg5 h6 18. Bxf6 Rxf6 19. h5 f4 20. hxg6 Qb6 21. Qb3 {1-0 (34) Mchedlishvili,M (2590)-Cori Tello,J (2641) Linares 2017}) 7... Bxf3 8. exf3 ({Much worse is} 8. Bxf3 Ne5 $11) 8... Nb8 9. O-O O-O 10. Be3 Nfd7 $146 ({Vorgänger:} 10... c5 11. dxc6 Nxc6 12. f4 Nd7 13. Rc1 Qa5 {0-1 (69) Wexler,B-Petrosian,T Buenos Aires 1964}) 11. Bd4 a5 12. Bxg7 Kxg7 13. Qd4+ Kg8 14. Rfe1 Na6 15. Re2 Nac5 16. f4 e5 17. Qd2 a4 18. fxe5 Nxe5 19. Qd4 Qf6 20. Kh1 Kg7 21. Ne4 Nxe4 22. Rxe4 Nd7 23. Qxf6+ Kxf6 24. Rae1 Ne5 25. Bf1 Kg7 26. f4 f5 27. Rxe5 dxe5 28. fxe5 Rad8 29. Bg2 ({White should try} 29. Kg1 $15) 29... b6 (29... f4 $17 30. e6 f3) 30. c5 $2 (30. Bf3 $15) 30... bxc5 31. Rc1 Rfe8 32. e6 {[%emt 0:01:44] [#]} c6 $1 33. Rxc5 (33. dxc6 $142 Rxe6 34. Kg1) 33... cxd5 34. Bxd5 Kf6 35. b4 Rc8 36. Ra5 Red8 37. Kg2 Rc2+ 38. Kg1 Rb2 39. a3 $19 Rc8 40. Rc5 Rxc5 41. bxc5 Rc2 42. c6 Rc5 0-1

[Event "FIDE WCCC U10 2018"]
[Site "Santiago de Compostela"]
[Date "2018.11.15"]
[Round "11"]
[White "Mardov, Dimitar"]
[Black "Pham, Tran Gia Phuc"]
[Result "1-0"]
[ECO "B32"]
[WhiteElo "1985"]
[BlackElo "1736"]
[Annotator "NA"]
[PlyCount "127"]
[EventDate "2018.11.04"]
[EventType "swiss"]
[EventCountry "ESP"]
[SourceTitle "playchess.com"]
[Source "ChessBase"]
[SourceQuality "1"]
[TimeControl "40/5400+30:1800+30"]

1. e4 c5 2. Nf3 Nc6 3. d4 cxd4 4. Nxd4 Qb6 5. Nb3 Nf6 6. Nc3 e6 7. Qe2 d6 (7... Bb4 $11 {remains equal.}) 8. g4 {[%emt 0:04:20] B33: Sicilian: Pelikan and Sveshnikov Variations} (8. f4 Qc7 9. Nb5 Qb8 10. g4 a6 11. N5d4 Qc7 12. Bg2 Nxd4 13. Nxd4 e5 14. Nf5 g6 15. fxe5 dxe5 {1-0 (32) Shirov,A (2673)-Ehlvest,J (2532) Puhajarve 2016}) 8... a6 9. g5 {[%emt 0:00:32] LiveBook: 19 Games} Nd7 10. Bg2 Be7 11. O-O Qc7 12. a4 b6 (12... Qd8 $11 {remains equal.}) 13. f4 Bb7 $146 ({Predecessor:} 13... Nc5 14. f5 Bb7 15. Be3 g6 {1-0 (32) Wedberg,T (2530)-Vasquez Schroder,R (2481) Stockholm 2003}) 14. Be3 Nb4 15. Rad1 Rc8 16. Qf2 Bc6 17. Rd4 d5 18. exd5 Nxd5 19. Nxd5 exd5 20. Rd2 Bxa4 21. Nd4 Nc5 $2 (21... O-O $16 22. Bxd5 Bc5) 22. Nf5 O-O 23. Bd4 ({Not} 23. Rxd5 Rfe8 $11) 23... Ne6 24. Nxe7+ Qxe7 25. Bxb6 d4 26. b3 Bb5 27. Re1 Qd6 28. Bxd4 Qxf4 29. Qxf4 Nxf4 30. c4 Bc6 31. Bf1 Ne6 32. Be3 Rb8 33. Rb2 a5 34. Ra1 Ra8 35. Rba2 Rfb8 36. Ra3 Rb7 37. Bd3 Rab8 38. Bc2 a4 39. bxa4 Rb2 40. Rc3 Re8 41. a5 Nxg5 42. Bxg5 Re2 43. Rd1 f6 44. Rd2 Re1+ 45. Kf2 Rh1 46. Bxh7+ Kxh7 47. Rh3+ Kg6 48. Rxb2 Kxg5 49. Ra2 Kg4 50. Rh8 g5 51. a6 Rc1 52. Rc8 Be4 53. a7 f5 54. Ke3 Rc3+ 55. Kd4 Rd3+ 56. Kc5 f4 57. Rc6 Bxc6 58. Kxc6 Rd8 59. a8=Q Rxa8 60. Rxa8 Kf3 61. Kd5 Kg2 62. Ke4 f3 63. Ra2+ f2 64. Ke3 1-0

[Event "FIDE WCCC U10 2018"]
[Site "Santiago de Compostela"]
[Date "2018.11.15"]
[Round "11"]
[White "Volkov, Maksim"]
[Black "Zhao, Erick"]
[Result "0-1"]
[ECO "A05"]
[WhiteElo "1971"]
[BlackElo "1957"]
[Annotator "NA"]
[PlyCount "72"]
[EventDate "2018.11.04"]
[EventType "swiss"]
[EventCountry "ESP"]
[SourceTitle "playchess.com"]
[Source "ChessBase"]
[SourceQuality "1"]
[TimeControl "40/5400+30:1800+30"]

1. Nf3 Nf6 2. c4 g6 3. b3 Bg7 4. Bb2 O-O 5. g3 d5 6. Bg2 Nc6 {[%emt 0:00:08] A05: Réti Opening: 1 Nf3 Nf6} (6... c6 7. O-O Bg4 8. d3 e6 9. Nbd2 Bxf3 10. Nxf3 Nbd7 11. Qc2 Ne8 12. d4 Nd6 13. e3 Ne4 14. Ne1 f5 15. Nd3 Rf7 16. Rae1 {1-0 (75) Dubov,D (2703)-Rakhmanov,A (2634) Sochi 2018}) 7. O-O d4 8. d3 {[%emt 0:05:41] LiveBook: 5 Games} a5 9. a3 e5 10. Nbd2 Re8 11. Qc2 Nd7 12. Rad1 Nc5 13. Ne4 Ne6 14. h4 $146 ({Predecessor:} 14. e3) 14... Qe7 15. Nfg5 h6 16. Nxe6 Bxe6 17. e3 Rad8 18. Qd2 f5 19. exd4 exd4 20. Rfe1 fxe4 21. Rxe4 Qd7 22. b4 axb4 23. axb4 Bf5 24. Rxe8+ Rxe8 ({Don't take} 24... Qxe8 25. Ra1 $19) 25. Qf4 Nxb4 26. Bf1 b6 27. Ba3 Nc2 28. Bb2 Re1 (28... Ne1 $142 29. Qc1 Nf3+ 30. Kh1 Bh3) 29. Qd2 Rxd1 30. Qxd1 Nb4 31. Qb3 Nc6 32. Qa4 Ne5 33. Qa8+ Kh7 34. Ba3 $19 Bxd3 35. Bg2 Bxc4 36. h5 d3 0-1

[Event "FIDE WCCC U10 2018"]
[Site "Santiago de Compostela"]
[Date "2018.11.15"]
[Round "11"]
[White "Cherniaiev, Tykhon"]
[Black "Jin Yueheng"]
[Result "0-1"]
[ECO "B15"]
[WhiteElo "1940"]
[BlackElo "1914"]
[Annotator "NA RC"]
[PlyCount "238"]
[EventDate "2018.11.04"]
[EventType "swiss"]
[EventCountry "ESP"]
[SourceTitle "playchess.com"]
[Source "ChessBase"]
[SourceQuality "1"]
[TimeControl "40/5400+30:1800+30"]

1. e4 c6 2. d4 d5 3. Nc3 dxe4 4. Nxe4 Nf6 5. Nxf6+ exf6 6. c3 Bd6 7. Bd3 O-O 8. Qc2 Re8+ {B15: Caro-Kann: 3 Nc3: 3...g6 and 3...dxe4 4 Nxe4 Nf6 5 Nxf6+ exf6} 9. Ne2 h5 10. Be3 Nd7 11. O-O (11. O-O-O Nf8 12. c4 Be6 13. Nc3 Bb4 14. Ne4 Qa5 15. a3 Be7 16. Rhe1 f5 {½-½ (55) Savchenko,B (2562)-Artemiev,V (2706) Sochi 2018}) 11... h4 12. h3 Nf8 {LiveBook: 5 Games} 13. Rfe1 $146 ({Predecessor:} 13. Qd2 Be6 14. Rfe1 Qd7 15. Bf4 Be7 16. Be3 {½-½ (42) Pap,M (2482)-Sedlak,N (2587) Biograd na Moru 2018}) 13... Bd7 14. Bf5 Re7 15. Bxd7 Qxd7 16. Nf4 Rae8 17. Nd3 Bb8 18. Qe2 (18. Qd2 $15) 18... Qd6 19. Qf3 Ng6 20. Kf1 b6 21. Rad1 Re6 22. Bd2 Qh2 23. Rxe6 Rxe6 24. Be3 f5 25. Qxf5 Qh1+ 26. Ke2 Qxg2 27. Ne5 Bxe5 28. dxe5 Re8 ({Black should try} 28... Rxe5 $17 29. Qf3 Qxf3+ 30. Kxf3 f6) 29. Rd4 (29. e6 $5 fxe6 30. Qf3 Qxf3+ 31. Kxf3 $11) 29... c5 (29... Nxe5 $17 30. Re4 g6) 30. Re4 (30. e6 $1 $11 {was the only way to keep the balance.} fxe6 31. Qe4 Qxe4 32. Rxe4) 30... Re6 31. b4 cxb4 32. cxb4 Ne7 33. Qf3 Qxf3+ 34. Kxf3 Nc6 35. Rxh4 Nxe5+ 36. Ke2 Rc6 37. Re4 f6 38. f4 Ng6 39. Re8+ Kf7 40. Ra8 Rc7 41. a4 Ne7 42. a5 Nd5 43. Bd2 Ke6 44. Rd8 b5 45. Kf3 a6 46. Ra8 Rc6 47. Re8+ Kf5 48. Rd8 Nc7 49. Rd7 g6 50. Rd3 Ke6 51. Rd8 Rc4 52. Rc8 Nd5 53. Ra8 Rc6 54. Re8+ Kf5 55. Rd8 Ne7 56. Rd3 Ke6 57. Rd8 Rd6 58. Rxd6+ Kxd6 59. Bc3 Ke6 60. Kg4 Nf5 61. Kf3 Nd6 62. Ke3 Kf5 63. Kf3 Nc4 64. Bd4 Na3 65. Bb2 Nc2 $5 66. Bc3 $8 Na3 $11 67. Bb2 Nc4 68. Bd4 Nd6 69. Bc3 Ne8 70. Bd2 Nc7 71. Bc1 Ne6 72. Be3 Nd8 73. Bb6 Ne6 74. Be3 Ng7 75. Bd4 Ne8 76. Be3 Nc7 77. Bc1 Nd5 78. Bd2 Ne7 79. Be3 Nc6 80. Bc5 Ke6 81. Kg4 Kd5 82. f5 $2 {[#]} (82. h4 $11) 82... Ne5+ $1 83. Kf4 $2 (83. Kg3 gxf5 84. h4) 83... g5+ $2 (83... Nd3+ 84. Kg4 gxf5+ 85. Kxf5 Nxc5 86. Kxf6 Ne4+ 87. Kf5 Ng3+ 88. Kg4 Ne2) 84. Ke3 Nc6 85. Kf3 (85. Ke2 $142) 85... Ke5 86. Kg4 Ke4 87. Kh5 Kxf5 88. Kh6 Nd8 89. Be7 Ne6 90. Kh7 Nf4 91. Kg7 Nxh3 92. Bxf6 g4 93. Bh4 Nf4 94. Kf7 Nd3 95. Ke7 Nxb4 96. Kd6 Nd3 97. Kd5 Nb2 98. Bg3 Nc4 99. Bc7 Kg5 100. Ke4 Kh4 (100... b4 $142 101. Bd8+ Kg6 102. Bh4 b3 103. Kd3 b2 104. Kc2 Kf5 105. Bg3 Ke4 106. Bb8 Kf3 107. Bd6 Nxd6 108. Kxb2 g3 109. Kc3 Ke4 110. Kc2 g2 111. Kd2 g1=Q 112. Kc2 Qc5+ 113. Kd2 Qb4+ 114. Kd1 Kd3 115. Kc1 Qb5 116. Kd1 Qb1#) 101. Kf4 Kh3 102. Bb6 g3 103. Bg1 Nxa5 104. Ke4 Kg2 105. Bd4 Kf1 106. Kd5 g2 107. Be3 g1=Q 108. Bxg1 Kxg1 109. Kc5 {[#]} Nc6 110. Kxc6 b4 111. Kb6 b3 112. Kxa6 b2 113. Kb5 b1=Q+ 114. Kc4 Kf2 115. Kd4 Qb5 116. Kc3 Ke3 117. Kc2 Qb4 118. Kc1 Kd3 119. Kd1 Qd2# ({Black should play} 119... Qb1#) 0-1

[Event "FIDE WCCC U10 2018"]
[Site "Santiago de Compostela"]
[Date "2018.11.15"]
[Round "11"]
[White "Uritsky, Yonathan"]
[Black "von Mettenheim, Johannes"]
[Result "1-0"]
[ECO "B11"]
[WhiteElo "1902"]
[BlackElo "1718"]
[Annotator "NA"]
[PlyCount "87"]
[EventDate "2018.11.04"]
[EventType "swiss"]
[EventCountry "ESP"]
[SourceTitle "playchess.com"]
[Source "ChessBase"]
[SourceQuality "1"]
[TimeControl "40/5400+30:1800+30"]

1. e4 c6 2. Nf3 d5 3. Nc3 Bg4 4. h3 Bxf3 5. Qxf3 Nf6 6. d3 e6 7. g3 {[%emt 0:01:42] LiveBook: 54 Games} Qb6 {[%emt 0:00:21] B11: Caro-Kann: Two Knights Variation} (7... Bb4 8. Bd2 d4 9. Nb1 Qb6 10. Bg2 O-O 11. O-O a5 12. Bc1 a4 13. a3 Be7 14. Nd2 Nbd7 15. Qe2 Qc7 16. f4 b5 {0-1 (43) Andriasian,Z (2603)-Shimanov,A (2626) chess.com INT 2018}) 8. Bg2 Nbd7 9. a4 $146 ({Predecessor:} 9. O-O Be7 10. Qe2 d4 11. Nb1 O-O 12. f4 Qc7 13. Nd2 Rab8 14. Nf3 c5 15. g4 {½-½ (35) Kovanova,B (2334)-Gunina,V (2347) St Petersburg 2007}) 9... Bb4 10. O-O Bxc3 11. bxc3 dxe4 12. dxe4 O-O 13. Ba3 Rfe8 14. Rfd1 Nc5 15. Rdb1 Qa5 16. Bb4 Qb6 17. a5 Qc7 18. Bxc5 Nd7 19. Be3 Qe5 20. Bf4 Qf6 21. Bd6 Qxf3 22. Bxf3 b5 23. e5 Rac8 24. c4 a6 25. Rb2 f6 26. cxb5 axb5 27. exf6 Nxf6 28. a6 Nd5 29. Bxd5 exd5 30. a7 Ra8 31. Bb8 Kf7 32. Ra6 Re6 33. Rb6 Rg6 34. Ra2 Ke7 35. Bf4 Re6 36. Rb8 Rxa7 37. Rxa7+ Kf6 38. Rf8+ Kg6 39. Rg8 Re1+ 40. Kg2 d4 41. Rgxg7+ Kf5 42. Raf7+ Ke4 43. Re7+ Kd5 44. Rxe1 1-0

[Event "FIDE WCCC U10 2018"]
[Site "Santiago de Compostela"]
[Date "2018.11.15"]
[Round "11"]
[White "Vetokhin, Savva"]
[Black "Kadam Om Manish"]
[Result "1-0"]
[ECO "B22"]
[WhiteElo "1874"]
[BlackElo "2025"]
[Annotator "NA"]
[PlyCount "119"]
[EventDate "2018.11.04"]
[EventType "swiss"]
[EventCountry "ESP"]
[SourceTitle "playchess.com"]
[Source "ChessBase"]
[SourceQuality "1"]
[TimeControl "40/5400+30:1800+30"]

1. e4 c5 2. c3 d5 3. exd5 Qxd5 4. d4 Nf6 5. Nf3 e6 6. Na3 a6 7. Nc2 {[%emt 0:01:43] B22: Sicilian: 2 c3} (7. Nc4 Nbd7 8. a4 b6 9. Be2 Bb7 10. O-O cxd4 11. Qxd4 Bc5 12. Qf4 O-O 13. Rd1 Qc6 14. Qh4 Rfd8 15. Bf4 Nf8 16. Rxd8 Rxd8 {0-1 (50) Savchenko,B (2602)-Ghaem Maghami,E (2540) Hamedan 2017}) 7... Nc6 {[%emt 0:02:07] LiveBook: 10 Games} 8. Bd3 Be7 9. O-O O-O 10. Qe2 Qd8 11. Rd1 $146 ({Predecessor:} 11. dxc5 Bxc5 12. Bg5 h6 13. Bh4 Be7 14. Rad1 Bd7 15. Ne3 b5 16. Bb1 Ra7 17. Bxf6 Bxf6 {1-0 (35) Jeric,S (2274)-Barle,J (2374) Ljubljana 2012}) 11... cxd4 12. Ncxd4 Nxd4 13. Nxd4 Qc7 14. Qf3 Bd6 15. h3 Bd7 16. Bg5 Be7 17. Be4 Rab8 18. Qe3 Nxe4 19. Bxe7 Rfe8 20. Qxe4 Rxe7 21. Nf5 Ree8 22. Nxg7 Kxg7 23. Qd4+ Kf8 24. Qxd7 Qxd7 25. Rxd7 Re7 26. Rad1 Ke8 27. R7d6 Rc8 28. R1d4 f6 29. f3 Rc5 30. Rd8+ Kf7 31. Rh4 Kg7 32. Rg4+ Rg5 33. Rxg5+ fxg5 34. Kf2 Kf7 35. Ke3 Rc7 36. Ke4 Ke7 37. Rd4 Kf6 38. c4 h5 {[%emt 0:01:31] [#]} (38... Rc5 $16 {was worth a try.} 39. Kd3 Re5) 39. b4 $1 b6 40. c5 bxc5 41. Rc4 e5 (41... g4 $142 42. Rxc5 (42. fxg4 hxg4 43. h4 Rh7 $16) 42... Rb7) 42. Kd5 ({Don't take} 42. bxc5 h4 $18) (42. Rxc5 $142 Rd7 43. Rc6+ Kf7 44. Rxa6) 42... Rd7+ 43. Kc6 Rd4 44. Kxc5 Rd2 {[%emt 0:00:09] [#]} 45. a4 $1 Rxg2 46. b5 axb5 47. axb5 Rd2 $2 (47... Ke6 48. Kc6 Rg3) 48. b6 Rd8 49. b7 Kf5 50. Kb6 Rb8 51. Kc7 Rh8 52. b8=Q Rxb8 53. Kxb8 g4 54. hxg4+ hxg4 55. fxg4+ Kg5 56. Kc7 e4 57. Rxe4 Kg6 58. Kd6 Kg5 59. Ke5 Kg6 60. Kf4 1-0

[Event "FIDE WCCC U10 2018"]
[Site "Santiago de Compostela"]
[Date "2018.11.15"]
[Round "11"]
[White "Kolesov, Gordey"]
[Black "Deuer, Marius"]
[Result "1/2-1/2"]
[ECO "C95"]
[WhiteElo "1823"]
[BlackElo "1695"]
[Annotator "NA RC"]
[PlyCount "173"]
[EventDate "2018.11.04"]
[EventType "swiss"]
[EventCountry "ESP"]
[SourceTitle "playchess.com"]
[Source "ChessBase"]
[SourceQuality "1"]
[TimeControl "40/5400+30:1800+30"]

1. e4 e5 2. Nf3 Nc6 3. Bb5 a6 4. Ba4 Nf6 5. O-O Be7 6. Re1 b5 7. Bb3 d6 8. c3 O-O {[%emt 0:00:04] LiveBook: 22299 Games} 9. h3 Nb8 10. d4 Nbd7 11. a4 Rb8 {[%emt 0:03:58] C95: Closed Ruy Lopez: Breyer Variation with 10 d4} (11... Bb7 12. Nbd2 c5 13. d5 c4 14. Bc2 Qc7 15. Nf1 Rfb8 16. Ng3 g6 17. Bg5 Nc5 18. Qd2 Bc8 19. axb5 axb5 20. Nh2 Qd8 21. f4 {½-½ (32) Matsenko,S (2533)-Patel,A (2475) Irving 2018}) 12. Nbd2 c5 13. Nf1 Re8 14. Ng3 h6 $146 ({Predecessor:} 14... Bf8 15. Be3 exd4 16. cxd4 Bb7 17. axb5 axb5 18. Bf4 cxd4 19. Ng5 d5 20. Bxb8 Qxb8 21. exd5 Rxe1+ 22. Qxe1 {1-0 (35) Patel,A (2410)-Hilby,C (2401) Irving 2017}) 15. Bc2 Bf8 16. Nf5 cxd4 17. cxd4 exd4 18. N3xd4 Bb7 19. axb5 axb5 20. f3 Ne5 21. Bf4 Qb6 22. Kh1 Rbc8 23. Bb3 d5 24. exd5 Ng6 25. Be3 Nxd5 26. Bxd5 Bxd5 27. Qd2 Ne5 28. Nc2 Qc6 29. Ncd4 Qd7 30. Bf4 Nc4 31. Qf2 $1 Kh7 32. b3 Rxe1+ 33. Rxe1 Na5 34. Qg3 g6 35. Nxh6 Nc6 36. Ng4 Bg7 37. Nxc6 Qxc6 38. Be5 Re8 39. Qh4+ Kg8 40. Nh6+ Kf8 41. Qb4+ Re7 42. Bxg7+ Kxg7 43. Qd4+ Kxh6 44. Rxe7 Kh7 45. b4 Bc4 46. Qe5 Be6 47. Rc7 Qa6 48. h4 Bc4 49. h5 gxh5 50. Qxh5+ Kg7 51. Qe5+ Kg6 52. Qe4+ Kg7 53. Qd4+ Kh7 54. Qh4+ Kg7 55. Qg5+ Kh7 56. Qf5+ Kg7 57. Rc8 Qh6+ 58. Qh3 Qc1+ 59. Kh2 Qd2 60. Qh8+ (60. Qg4+ $142 Kf6 61. f4) 60... Kg6 61. Rg8+ Kf5 62. Qh5+ Ke6 63. Qg4+ Kf6 64. Qh4+ Kf5 65. f4 $2 (65. Qe4+ Kf6 66. f4) 65... Qxf4+ 66. Qxf4+ Kxf4 67. g3+ Ke4 {[%emt 0:00:08] [#]} 68. Rd8 $1 Bd5 $2 (68... Be6 $16 69. Rd2 Kf3 70. Rd3+ Ke4) 69. Kg2 Kd4+ 70. Kf2 Kc4 71. Ke3 Be6 72. Rd4+ Kc3 73. g4 Bc4 74. g5 Kxb4 75. Ke4 Kc3 76. Rd8 (76. Rd1 $16) 76... b4 77. Rb8 b3 78. Ke5 Bd3 79. Kf6 Bg6 80. Rc8+ Kb2 81. Rb8 Kc2 82. Rc8+ Kb1 83. Rb8 b2 84. Rb7 Kc1 $5 85. Rc7+ $8 Bc2 (85... Kd2 86. Rd7+ Kc2 87. Rc7+ Kb1 $11) 86. Rb7 Be4 $11 {[%emt 0:02:32] [#]} 87. Rxb2 $1 1/2-1/2

[Event "FIDE WCCC U10 2018"]
[Site "Santiago de Compostela"]
[Date "2018.11.15"]
[Round "11"]
[White "Dang, Anh Minh"]
[Black "Pingin, Artem"]
[Result "1/2-1/2"]
[ECO "E09"]
[WhiteElo "1817"]
[BlackElo "1981"]
[Annotator "NA"]
[PlyCount "140"]
[EventDate "2018.11.04"]
[EventType "swiss"]
[EventCountry "ESP"]
[SourceTitle "playchess.com"]
[Source "ChessBase"]
[SourceQuality "1"]
[TimeControl "40/5400+30:1800+30"]

1. d4 d5 2. c4 e6 3. Nf3 Nf6 4. g3 Be7 5. Bg2 O-O 6. O-O c6 7. Qc2 Nbd7 8. Nbd2 b6 9. e4 dxc4 10. Nxc4 Bb7 {[%emt 0:00:12] E09: Closed Catalan: Main Line: 7 Qc2 c6 8 Nbd2} 11. Bg5 b5 {[%emt 0:06:36] LiveBook: 9 Games} 12. Ncd2 (12. Bxf6 Nxf6 13. Ncd2 Rc8 14. e5 Nd7 15. a4 {½-½ (15) Swiercz,D (2649)-Cori Tello,J (2660) Columbus 2017}) 12... h6 $146 ({Predecessor:} 12... c5 13. Bxf6 gxf6 14. d5 Qb6 15. Rad1 Rad8 16. Nb3 Rfe8 17. Qd2 Nf8 18. Qh6 {1-0 (48) Haba,P (2436)-Pikula,D (2466) Illertissen 2018}) 13. Bxf6 Nxf6 14. e5 Nd5 15. Ne4 Nb4 16. Qe2 Qb6 17. Rfc1 Na6 18. Qe3 Rfd8 19. Nc5 b4 ({Better is} 19... Nxc5 $14 20. dxc5 Qc7) 20. Nd2 (20. Nxb7 $16 Qxb7 21. Qe4) 20... Nxc5 21. dxc5 Bxc5 22. Rxc5 Rxd2 $1 23. Qxd2 Qxc5 24. Qd7 Ba6 25. Qxc6 Qxc6 26. Bxc6 Rd8 27. a3 b3 28. Ba4 Rd3 29. Rc1 Bb7 30. Kf1 Rd2 31. Bxb3 Rxb2 32. Bc4 Bf3 33. Ke1 g6 34. Rc3 Be4 35. Be2 Ra2 36. f4 Bd5 37. Kf2 Kf8 38. Ke3 Ke8 39. h4 Rb2 40. Bd3 Rb3 41. Rxb3 Bxb3 42. Kd4 Bd5 43. Kc5 Ke7 44. Bb5 Bf3 45. Bc6 Be2 46. a4 Ba6 47. Kb4 f6 48. Ka5 Bc8 49. Kb5 fxe5 50. fxe5 g5 51. hxg5 hxg5 52. Kc5 Ba6 53. Bb5 Bb7 54. a5 Bf3 55. Ba4 Bb7 56. Bc6 Ba6 57. Kd4 Be2 58. Ke3 Bd1 59. Kd4 Be2 60. Kc5 Ba6 61. Bb5 Bb7 62. Bc6 Ba6 63. Be4 Kd7 $11 64. Bg6 Be2 65. Bf7 Bf1 66. Bh5 Bd3 67. Bd1 Ba6 68. Ba4+ Kc7 69. Bb3 Kd7 70. Ba4+ Kc7 1/2-1/2

[Event "FIDE WCCC U10 2018"]
[Site "Santiago de Compostela"]
[Date "2018.11.15"]
[Round "11"]
[White "Tsirilman, Guy"]
[Black "Tenuunbold, Battulga"]
[Result "0-1"]
[ECO "A01"]
[WhiteElo "1813"]
[BlackElo "1554"]
[Annotator "NA"]
[PlyCount "94"]
[EventDate "2018.11.04"]
[EventType "swiss"]
[EventCountry "ESP"]
[SourceTitle "playchess.com"]
[Source "ChessBase"]
[SourceQuality "1"]
[TimeControl "40/5400+30:1800+30"]

1. b3 e5 2. Bb2 Nc6 3. e3 Nf6 4. Bb5 d6 5. d4 exd4 6. Qxd4 Be7 {[%emt 0:00:57] LiveBook: 6 Games A01: Nimzowitsch-Larsen Opening} 7. Nf3 (7. Nc3 O-O 8. Qd2 Bf5 9. Bxc6 bxc6 10. Nge2 Re8 11. Ng3 Bg6 12. O-O d5 13. Nce2 Bd6 14. Nf4 {1-0 (45) Enders,P (2447)-Miller,E (2342) Germany 2018}) 7... a6 8. Bxc6+ bxc6 9. Nc3 $146 ({Predecessor:} 9. O-O O-O 10. Nbd2 Bf5 11. e4 c5 12. Qe3 {1-0 (27) Rossello Padron,C (1954)-Biscarri Candalia,O (1530) Las Palmas 2012}) 9... Bb7 10. O-O-O c5 11. Qd2 (11. Qf4 $11) 11... O-O 12. Rhe1 Ne4 13. Nxe4 Bxe4 14. Rg1 (14. Ng1 $15) 14... Bf6 15. h4 {[%emt 0:02:21] [#]} (15. Qa5 $15) 15... a5 $1 16. Ng5 Bg6 17. g4 a4 18. h5 Bxb2+ 19. Kxb2 Qxg5 20. hxg6 Qxg6 21. Qc3 Ra6 22. Qd3 axb3 23. Qxg6 fxg6 24. axb3 Rxf2 25. Rg3 Ra8 26. g5 Rh2 27. e4 $19 Re8 28. Re1 Re5 29. Rg4 h6 30. gxh6 Rxh6 31. Rf1 g5 32. Rfg1 Rh4 33. Rxg5 Rxg5 34. Rxg5 Rxe4 35. c4 Re5 36. Rg3 g5 37. Ka3 Kf7 38. Ka4 Kg6 39. Kb5 Re7 40. Kc6 Rg7 41. b4 cxb4 42. Rb3 g4 43. Rxb4 g3 44. Rb3 g2 45. Rg3+ Kf6 46. Rf3+ Ke5 47. Re3+ Kd4 0-1